 Dungeon Crawl Stone Soup version 0.20.0-7-g3b7b877 (webtiles) character file.

197 shmeve the Skirmisher (level 5, -1/34 HPs)
             Began as a Gargoyle Fighter on May 28, 2017.
             Slain by Acetwo5's ghost (7 damage)
             ... on level 3 of the Dungeon.
             The game lasted 00:04:29 (1920 turns).

shmeve the Skirmisher (Gargoyle Fighter)            Turns: 1920, Time: 00:04:30

Health: -1/34      AC: 11    Str: 25    XL:     5   Next: 75%
Magic:  5/5        EV:  7    Int:  9    God:
Gold:   62         SH: 10    Dex:  9    Spells: 4/4 levels left

rFire    . . .     SeeInvis .   a - +0 war axe
rCold    . . .     Gourm    .   c - +0 shield
rNeg     + . .     Faith    .   b - +0 scale mail
rPois    ∞         Spirit   .   (no helmet)
rElec    +         Reflect  .   (no cloak)
rCorr    .         Harm     .   (no gloves)
MR       .....                  (no boots)
Stlth    ..........             (no amulet)
Regen    0.2/turn               (no ring)
MPRegen  0.1/turn               i - +5 ring of strength

@: no status effects
A: negative energy resistance 1, electricity resistance, unbreathing,
petrification resistance, rot immunity, AC +4
a: no special abilities


You were on level 3 of the Dungeon.
You were not hungry.

You visited 1 branch of the dungeon, and saw 3 of its levels.

You collected 62 gold pieces.

Inventory:

Hand Weapons
 a - a +0 war axe (weapon)
Armour
 b - a +0 scale mail (worn)
 c - a +0 shield (worn)
Jewellery
 i - a +5 ring of strength (right hand)
Wands
 o - a wand of digging (16/24)
Scrolls
 e - 2 scrolls of identify
 h - 3 scrolls of recharging
 k - 2 scrolls of magic mapping {unknown}
 m - 2 scrolls of fear
 n - 3 scrolls of remove curse
 t - a scroll of teleportation {unknown}
Potions
 d - 3 potions of might
 g - a potion of degeneration {unknown}
 j - a potion of flight {unknown}
 p - a potion of ambrosia {unknown}
 r - 2 potions of haste {unknown}
 s - a potion of lignification {unknown}
 u - a potion of mutation {unknown}
Comestibles
 f - a bread ration
 l - a royal jelly
 v - 4 chunks of flesh


   Skills:
 * Level 4.5 Fighting
 * Level 3.1 Axes
 * Level 4.2 Armour
 * Level 4.3 Shields


You had 4 spell levels left.
You didn't know any spells.

Dungeon Overview and Level Annotations

Branches:
Dungeon (3/15)

Altars:
Gozag
Kikubaaqudgha

Annotations:
D:3 Acetwo5's ghost, amateur MiFi


Innate Abilities, Weirdness & Mutations

You are resistant to torment.
Your stone body is resilient. (AC +4)
You are immune to poison.
You resist negative energy. (rN+)
You are resistant to electric shocks. (rElec)
You can survive without breathing.
You are immune to petrification.
You are immune to rotting.


Message History

You block Acetwo5's ghost's attack.
You hit Acetwo5's ghost.
Acetwo5's ghost is moderately damaged.
Acetwo5's ghost hits you but does no damage.
You block Acetwo5's ghost's attack.
You slash Acetwo5's ghost!
Acetwo5's ghost is heavily damaged.
Acetwo5's ghost hits you!
You barely miss Acetwo5's ghost.
Acetwo5's ghost is heavily damaged.
Acetwo5's ghost hits you! x2
* * * LOW HITPOINT WARNING * * *
You hit Acetwo5's ghost but do no damage.
Acetwo5's ghost is heavily damaged.
Acetwo5's ghost hits you.
* * * LOW HITPOINT WARNING * * *
You slash Acetwo5's ghost!
Acetwo5's ghost is severely damaged.
Acetwo5's ghost hits you!
You die...

### #.. ###. #.# ...
#.##### #.#
####.....###W#######
#....###.#..@.......
#####.##.###.#.#.######.
...##.#...##.#.#.#
##......_........#
###.##...#.##.###
#.###)##.##.# #.#
#....##.# #.. ..### #.#
### #.# #.#


You could see Acetwo5's ghost.

Vanquished Creatures
  An ogre (D:3)
  5 adders
  4 worms (D:2)
  A dart slug (D:2)
  2 leopard geckos
  4 giant cockroaches
  5 goblins
  4 hobgoblins
  6 jackals
  9 kobolds
  A ball python (D:2)
  9 bats
  4 frilled lizards
  3 rats
58 creatures vanquished.

Notes
Turn   | Place    | Note
-------+----------+-------------------------------------------
     0 | D:1      | shmeve the Gargoyle Fighter began the quest for the Orb.
     0 | D:1      | Reached XP level 1. HP: 14/14 MP: 1/1
   314 | D:1      | Reached XP level 2. HP: 19/19 MP: 2/2
   925 | D:2      | Reached XP level 3. HP: 24/24 MP: 3/3
  1146 | D:2      | Reached XP level 4. HP: 25/29 MP: 4/4
  1671 | D:3      | Noticed an ogre
  1679 | D:3      | Killed an ogre
  1679 | D:3      | Reached XP level 5. HP: 29/34 MP: 5/5
  1760 | D:3      | Found an ancient bone altar of Kikubaaqudgha.
  1882 | D:3      | Found an opulent altar of Gozag.
  1910 | D:3      | Noticed Acetwo5's ghost (amateur MiFi)
  1920 | D:3      | Slain by Acetwo5's ghost

Skill      XL: |  1  2  3  4 |
---------------+-------------+-----
Axes           | 2 3 |  3.1
Fighting       | 4 |  4.5
Armour         | 4 |  4.2
Shields        | 4 |  4.3

Action                   |  1- 3 |  4- 6 || total
-------------------------+-------+-------++-------
Melee: War axe           |   130 |    96 ||   226
  Use: Scroll            |       |     3 ||     3
  Eat: Chunk             |     1 |     3 ||     4
Armor: Scale mail        |    89 |    54 ||   143
Dodge: Dodged            |    46 |    32 ||    78
Block: Shield            |    76 |    56 ||   132
